Map: [ESL] Moondance

Players

HeroMarine - Winner!

  • Race: Terran Terran
  • Spawn Location: 12:00

Krystianer

  • Race: Protoss Protoss
  • Spawn Location: 6:00

Event: DreamHack SC2 Masters 2022 Atlanta (Online)

VOD

Have the link to the VOD?

Description

Time

  • Played on: Oct. 2, 2022, 12:59 p.m.
  • Length: 8:27

All games in this series

Show
View Real Time Build Order
Export as new Build Order

HeroMarine Terran - Winner!

Build Orders: Reaper Expand 

Get SALT Encoding   

  12  0:00  SCV  
  13  0:12  SCV  
  14  0:17  Supply Depot  
  14  0:24  SCV  
  15  0:39  SCV  
  15  0:40  Barracks  
  16  0:43  Refinery  
  16  0:51  SCV  
  17  1:03  SCV  
  18  1:15  SCV  
  19  1:27  Reaper, Orbital Command  
  20  1:39  Command Center  
  20  1:52  Supply Depot  
  20  1:53  SCV  
  21  1:59  Marine  
  22  2:05  SCV  
  23  2:09  Factory  
  23  2:15  Refinery  
  23  2:17  SCV  
  23  2:20  Barracks Reactor  
  24  2:29  SCV  
  25  2:41  SCV  
  25  2:52  Factory Tech Lab, Orbital Command  
  25  2:53  SCV  
  25  2:54  Starport  
  25  2:57  Marine x2  
  28  3:05  SCV  
  28  3:11  Cyclone  
  32  3:15  Marine x2  
  32  3:18  SCV x2  
  36  3:20  Supply Depot  
  36  3:30  SCV x2, Medivac  
  36  3:33  Marine  
  41  3:35  Marine  
  42  3:42  SCV  
  42  3:43  SCV  
  41  3:51  Marine  
  41  3:53  Marine  
  41  3:54  SCV, Siege Tank  
  41  3:55  SCV  
  46  4:01  Supply Depot  
  46  4:06  SCV  
  46  4:07  SCV  
  47  4:10  Viking  
  49  4:18  SCV, Marine  
  49  4:19  SCV, Marine  
  49  4:21  Barracks  
  53  4:24  Bunker  
  53  4:30  SCV  
  55  4:31  SCV, Siege Tank  
  55  4:36  Barracks  
  58  4:40  Supply Depot  
  58  4:42  SCV  
  58  4:43  SCV  
  58  4:44  Marine x2  
  62  4:53  Engineering Bay  
  62  4:58  Supply Depot  
  62  5:01  SCV x2  
  62  5:02  Marine x2  
  62  5:06  Starport Tech Lab  
  66  5:13  SCV x2  
  68  5:16  Refinery  
  68  5:19  Stimpack  
  68  5:20  Marine x2  
  70  5:22  Supply Depot  
  70  5:23  Terran Infantry Weapons Level 1  
  70  5:25  SCV x2  
  70  5:28  Marauder  
  74  5:34  Refinery  
  74  5:35  Supply Depot  
  76  5:36  Marauder  
  76  5:38  SCV x2  
  76  5:39  Combat Shield  
  78  5:44  Supply Depot, Marine x2  
  78  5:45  Factory Reactor  
  78  5:46  Supply Depot  
  80  5:50  SCV x2  
  80  5:51  Marauder  
  86  5:57  Marauder  
  86  5:58  Starport Reactor  
  86  5:59  Supply Depot  
  86  6:02  SCV, Marine x2  
  89  6:07  SCV  
  89  6:12  Marauder  
  89  6:14  SCV  
  89  6:18  Supply Depot, Marauder  
  91  6:19  Marine  
  91  6:20  Marine  
  92  6:29  Command Center  
  90  6:34  Medivac x2  
  90  6:35  Widow Mine x2  
  90  6:37  SCV x2  
  100  6:40  Marauder  
  100  6:41  Marauder  
  100  6:44  Marine x2  
  106  6:48  Supply Depot  
  106  6:57  Barracks  
  106  6:58  Barracks  
  106  6:59  Widow Mine x2  
  110  7:02  Marauder x2  
  110  7:04  Marine  
  110  7:05  Marine  
  116  7:08  Medivac  
  116  7:10  Medivac  
  116  7:14  SCV x2  
  116  7:15  Armory  
  122  7:18  Supply Depot  
  119  7:23  Marauder x2, Marine x2  
  119  7:29  SCV x2  
  125  7:34  Widow Mine x2  
  129  7:38  Medivac  
  129  7:40  Medivac  
  129  7:41  SCV x2  
  135  7:44  Marine  
  135  7:45  Marauder x2  
  135  7:48  Barracks Tech Lab  
  135  7:49  Barracks Reactor  
  138  7:53  SCV x2  
  138  7:57  Marine  
  138  8:02  Marine  
  138  8:05  Widow Mine x2  
  138  8:07  SCV  
  138  8:09  SCV  
Show
View Real Time Build Order
Export as new Build Order

Krystianer Protoss 

Build Orders: 1 Gate Expand, Oracle Opening, Blink Stalkers, Zealot Archon 

Get SALT Encoding   

  12  0:00  Probe  
  13  0:12  Probe  
  14  0:17  Pylon  
  14  0:24  Probe (Chrono Boost)  
  16  0:36  Gateway, Probe (Chrono Boost)  
  16  0:43  Probe (Chrono Boost)  
  16  0:45  Assimilator  
  17  0:50  Probe  
  18  1:02  Probe  
  19  1:15  Probe  
  20  1:22  Cybernetics Core  
  20  1:33  Nexus, Probe  
  20  1:39  Pylon  
  21  1:45  Probe  
  22  1:47  Assimilator  
  22  1:56  Adept (Chrono Boost)  
  22  1:57  Probe  
  25  2:10  Probe  
  26  2:16  Stargate  
  26  2:17  Adept (Chrono Boost)  
  26  2:22  Probe  
  29  2:34  Probe  
  30  2:42  Warp Gate  
  30  2:45  Stalker  
  30  2:46  Probe (Chrono Boost)  
  34  2:51  Probe (Chrono Boost)  
  34  2:56  Probe (Chrono Boost)  
  36  2:59  Probe (Chrono Boost)  
  36  3:01  Probe (Chrono Boost)  
  37  3:06  Oracle (Chrono Boost)  
  37  3:10  Probe  
  41  3:13  Probe  
  41  3:16  Gateway  
  41  3:19  Gateway  
  42  3:22  Probe  
  42  3:25  Twilight Council  
  43  3:29  Pylon  
  43  3:31  Probe  
  44  3:34  Probe  
  45  3:43  Probe  
  45  3:48  Probe  
  47  3:55  Probe  
  44  3:56  Blink (Chrono Boost)  
  44  4:00  Probe  
  45  4:03  Assimilator, Pylon  
  45  4:07  Probe  
  46  4:12  Probe  
  47  4:19  Probe  
  47  4:20  Pylon  
  47  4:22  Pylon  
  47  4:23  Gateway  
  49  4:24  Probe  
  49  4:30  Stalker x3  
  55  4:31  Probe  
  55  4:36  Probe  
  57  4:44  Probe  
  57  4:54  Stalker x3  
  57  4:55  Probe  
  57  4:58  Pylon  
  65  5:03  Probe  
  65  5:09  Nexus  
  65  5:11  Shield Battery  
  65  5:13  Probe  
  66  5:17  Stalker x2  
  66  5:19  Stalker  
  72  5:24  Stalker  
  74  5:29  Probe x2  
  74  5:35  Charge  
  76  5:39  Forge  
  76  5:41  Probe  
  76  5:42  Probe  
  78  5:43  Pylon  
  78  5:53  Probe  
  78  5:54  Probe  
  78  5:56  Templar Archives  
  80  5:58  Gateway  
  80  6:05  Probe  
  80  6:06  Probe  
  82  6:17  Probe (Chrono Boost), Stalker x2  
  86  6:22  Probe (Chrono Boost)  
  82  6:26  Probe (Chrono Boost), Psionic Storm  
  82  6:29  Probe (Chrono Boost)  
  82  6:31  Gateway  
  82  6:32  Gateway  
  84  6:33  Probe (Chrono Boost)  
  84  6:34  Probe (Chrono Boost)  
  84  6:35  Probe (Chrono Boost)  
  86  6:43  Zealot x4  
  86  6:45  Probe  
  95  6:50  Assimilator  
  95  6:53  Shield Battery  
  95  6:54  Probe  
  96  6:58  Pylon  
  96  6:59  Probe  
  97  7:06  Zealot, Stalker x2  
  102  7:09  Pylon  
  99  7:15  Zealot  
  99  7:16  Zealot  
  99  7:17  Probe x3  
  104  7:25  Pylon x2  
  103  7:31  Zealot x2, High Templar x2  
  103  7:32  Zealot  
  103  7:35  Archon  
  112  7:37  Zealot x2  
  112  7:42  Probe  
  112  7:43  Probe  
  115  7:46  Probe  
  110  7:54  Probe  
  110  7:55  Probe  
  110  7:56  Pylon  
  91  7:59  Zealot x2  
  91  8:02  Zealot x2  
  91  8:03  Zealot x2  
  91  8:05  Probe  
  96  8:07  Probe  
  96  8:08  Probe  
Tags
 
Add a new tag
Caveats
  • Supply blocks, unpowered buildings, or Contaminate may cause inaccurate times.
  • Supply counts are checked every 10 seconds.